 Dungeon Crawl Stone Soup version 0.17.0-22-g5edae84 (webtiles) character file.

7082 st0uf the Arsonist (level 10, -9/69 HPs)
             Began as a Grey Draconian Fire Elementalist on Nov 12, 2015.
             Was a Priest of Ru.
             Mangled by Maud
             ... wielding a +1 battleaxe of venom
              (30 damage)
             ... on level 10 of the Dungeon.
             The game lasted 01:26:01 (12560 turns).

st0uf the Arsonist (DrFE)                          Turns: 12560, Time: 01:26:03

Health: -9/69      AC: 13    Str: 21    XL:     10   Next: 84%
Magic:  7/21       EV: 15    Int: 20    God:    Ru [***...]
Gold:   394        SH:  0    Dex: 11    Spells: 3 memorised, 15 levels left

rFire  + . .     SeeInvis .     f - +1 mace of the Vaults {speed, Str+7}
rCold  x . .     Clarity  .     (armour unavailable)
rNeg   . . .     SustAt   +     (no shield)
rPois  .         Gourm    .     (helmet restricted)
rElec  .         Spirit   .     N - +0 cloak (curse)
rCorr  .         Warding  .     (no gloves)
rMut   +         Stasis   .     (no boots)
MR     .....                    e - amulet of resist mutation
Stlth  ..........               B - ring of fire
                                q - ring of sustain attributes

@: lethally poisoned (-9 -> -28), not resistant to hostile enchantments,
extremely unstealthy
A: walk through water, unfitting armour, horns 1, clever 1, strong 1,
unbreathing, cold-blooded, no stealth, unskilled 1, missing an eye, AC +12
a: Draw Out Power, Renounce Religion


You were on level 10 of the Dungeon.
You worshipped Ru.
Ru was most pleased with you.
You were not hungry.

You visited 2 branches of the dungeon, and saw 11 of its levels.

You collected 658 gold pieces.
You spent 264 gold pieces at shops.

Inventory:

Hand Weapons
 f - the +1 mace of the Vaults (weapon) {speed, Str+7}
   (You found it on level 5 of the Dungeon)

   Attacks with this weapon are significantly faster.
   It affects your strength (+7).
Missiles
 o - 2 throwing nets (quivered)
Armour
 D - a +0 shield
 N - a cursed +0 cloak (worn)
Jewellery
 e - an amulet of resist mutation (around neck)
 q - a ring of sustain attributes (left hand)
 z - an uncursed ring of ice
 B - a ring of fire (right hand)
Wands
 m - a wand of slowing (15)
 u - a wand of draining (7)
 y - a wand of flame (24)
 U - a wand of cold (7)
Scrolls
 c - 2 scrolls of enchant weapon {unknown}
 g - 3 scrolls of identify
 h - 4 scrolls of teleportation {unknown}
 l - 5 scrolls of amnesia {unknown}
 n - 3 scrolls of blinking {unknown}
 r - 4 scrolls of fog {unknown}
 t - a scroll of fear {unknown}
 w - a scroll of magic mapping {unknown}
 G - 3 scrolls of remove curse
 I - a scroll of vulnerability {unknown}
 T - 2 scrolls of enchant armour {unknown}
Potions
 i - 2 potions of ambrosia
 s - 3 potions of might
 v - 3 potions of flight {unknown}
 x - 2 potions of mutation {unknown}
 A - 4 potions of poison {unknown}
 C - 2 potions of heal wounds
 E - a potion of beneficial mutation {unknown}
 H - a potion of berserk rage
 J - a potion of invisibility {unknown}
 L - a potion of agility
 M - 3 potions of lignification
 P - a potion of haste {unknown}
 R - a potion of resistance {unknown}
Books
 a - a book of Flames

   Spells                             Type                      Level
   a - Flame Tongue                   Conjuration/Fire             1
   b - Throw Flame                    Conjuration/Fire             2
   c - Conjure Flame                  Conjuration/Fire             3
   d - Inner Flame                    Hexes/Fire                   3
   e - Sticky Flame                   Conjuration/Fire             4
   f - Fireball                       Conjuration/Fire             5
 d - a book of Minor Magic

   Spells                             Type                      Level
   a - Magic Dart                     Conjuration                  1
   b - Blink                          Translocation                2
   c - Call Imp                       Summoning                    2
   d - Repel Missiles                 Charms/Air                   2
   e - Slow                           Hexes                        2
   f - Conjure Flame                  Conjuration/Fire             3
   g - Mephitic Cloud                 Conjuration/Poison/Air       3
 p - a book of Hinderance

   Spells                             Type                      Level
   a - Confusing Touch                Hexes                        2
   b - Confuse                        Hexes                        3
   c - Gell's Gravitas                Hexes/Translocation          3
   d - Petrify                        Transmutation/Earth          4
   e - Metabolic Englaciation         Hexes/Ice                    5
 F - a book of the Warp

   Spells                             Type                      Level
   a - Recall                         Summoning/Translocation      3
   b - Gell's Gravitas                Hexes/Translocation          3
   c - Force Lance                    Conjuration/Translocation    4
   d - Phase Shift                    Translocation                5
   e - Warp Weapon                    Charms/Translocation         5
   f - Summon Forest                  Summoning/Translocation      5
 S - a book of Spatial Translocations

   Spells                             Type                      Level
   a - Apportation                    Translocation                1
   b - Blink                          Translocation                2
   c - Shroud of Golubria             Charms/Translocation         2
   d - Portal Projectile              Translocation                3
   e - Teleport Other                 Translocation                3
   f - Passage of Golubria            Translocation                4
Comestibles
 b - 9 bread rations
 j - 6 slices of pizza
 k - 4 meat rations
 O - 7 beef jerkies


   Skills:
 + Level 7.1 Dodging
 + Level 7.4 Spellcasting
 + Level 7.7 Conjurations
 + Level 8.1 Fire Magic


You had 15 spell levels left.
You knew the following spells:

 Your Spells              Type           Power        Failure   Level  Hunger
a - Flame Tongue          Conj/Fire      #####        1%          1    None
b - Conjure Flame         Conj/Fire      ######..     1%          3    #......
c - Sticky Flame          Conj/Fire      ######..     4%          4    ###....


Dungeon Overview and Level Annotations

Branches:
Dungeon (10/15)            Temple (1/1) D:7            Lair (0/8) D:10
    Orc: D:9-12

Altars:
Ashenzari
Cheibriados
Dithmenos
Elyvilon
Fedhas
Gozag
Kikubaaqudgha
Makhleb
Nemelex Xobeh
Okawaru
Qazlal
Ru
Sif Muna
Trog
Vehumet
Xom
Yredelemnul
Zin
The Shining One

Shops:
D:7 !   D:8 (

Annotations:
D:5 puimuR's ghost, novice DsBe
D:8 firestarter 1K
D:10 Maud


Innate Abilities, Weirdness & Mutations

You can walk through water.
Your dull iron-grey scales are very hard (AC +12).
Your body does not fit into most forms of armour.
You can survive without breathing.
You are cold-blooded and may be slowed by cold attacks.
You cannot be stealthy.
You are somewhat unskilled (-1 Apt).
You are missing an eye, making it more difficult to aim.
You have a pair of small horns on your head.
Your mind is acute. (Int +2)
Your muscles are strong. (Str +2)


Message History

You focus your will and blind the fire drake in retribution!
You barely miss Maud. Your headbutt misses Maud.
Maud is moderately wounded.
You feel sick.
Maud burns!
Maud stops burning.
Maud hits you with a battleaxe of venom!!
You are more poisoned.
The fire drake is engulfed in roaring flames.
The fire drake misses you.
Casting: Sticky Flame
Confirm with . or Enter, or press ? or * to list all spells.
Aiming: Sticky Flame
Press: ? - help, Shift-Dir - straight line, f/p - Maud
Aim: Maud, wielding a battleaxe of venom and wearing a glowing plate armour (flame, moderately wounded)
You feel a surge of power!
The sticky flame hits Maud.
Maud appears unharmed.
Maud is moderately wounded.
Maud is covered in liquid flames!
You feel sick.
Maud burns!
The fire drake is engulfed in roaring flames.
The fire drake barely misses you.
Maud is engulfed in roaring flames.
Maud hits you with a battleaxe of venom!!
You die...

....## .... #
...## #. # ..##
##### .. # ###
##....#.
##.......
#.......#
#.......##
..§.....k######
≈≈....##@@....#
≈k≈.. ##.#.#.#
.≈≈. #.....#
§§≈ #.....# ≈§
#.#.#.# ≈
#.....# #.....#
#.#.#.# #.....#


You could see Maud (burning) and a fire drake (blind).

Vanquished Creatures
  A tengu warrior (D:10)
  Pikel (D:9)
  Maurice (D:8)
  A centaur skeleton (D:10)
  3 hippogriffs
  3 black bears
  6 orc warriors
  2 ice beasts
  4 sky beasts
  8 ogres
  4 phantoms
  A necrophage (D:7)
  4 centaurs
  4 giant frogs
  3 scorpions
  5 killer bees (D:8)
  3 centaur zombies
  2 crimson imps
  4 hounds
  A giant frog skeleton (D:5)
  A quasit (D:7)
  Crazy Yiuf (D:5)
  6 orc priests
  Ijyb (D:3)
  2 iguanas
  9 orc wizards
  11 worker ants
  A hound zombie (D:4)
  2 hound skeletons (D:4)
  14 adders
  A gnoll (D:4)
  2 worker ant zombies (D:4)
  A shadow imp (D:9)
  2 adder zombies (D:4)
  2 adder skeletons
  5 worms
  3 giant geckos
  30 orcs
  5 bats
  9 giant cockroaches
  11 hobgoblins
  19 jackals
  2 quokkas
  A ball python (D:1)
  A giant cockroach zombie (D:4)
  3 giant gecko zombies
  3 giant newts
  10 goblins
  A jackal skeleton (D:4)
  3 jackal zombies
  9 kobolds
  6 rats
  A plant (D:6)
239 creatures vanquished.

Vanquished Creatures (others)
  An ogre (D:7)
  A slave (D:9)
  A quasit (D:9)
3 creatures vanquished.

Grand Total: 242 creatures vanquished

Notes
Turn   | Place    | Note
--------------------------------------------------------------
     0 | D:1      | st0uf the Draconian Fire Elementalist began the quest for the Orb.
     0 | D:1      | Reached XP level 1. HP: 14/14 MP: 3/3
   362 | D:1      | Reached XP level 2. HP: 20/20 MP: 1/5
   928 | D:1      | Reached XP level 3. HP: 26/26 MP: 2/6
  1744 | D:2      | Found a sacrificial altar of Ru.
  1753 | D:2      | Became a worshipper of Ru the Awakened
  1921 | D:3      | Reached XP level 4. HP: 33/33 MP: 4/7
  2629 | D:3      | Found a faded altar to an unknown god.
  2796 | D:3      | Found a basalt altar of Yredelemnul.
  3032 | D:3      | Noticed Ijyb
  3208 | D:3      | Killed Ijyb
  3208 | D:3      | Reached XP level 5. HP: 17/38 MP: 4/9
  3394 | D:3      | Learned a level 3 spell: Conjure Flame
  3484 | D:4      | Reached skill level 4 in Fire Magic
  3639 | D:4      | Noticed a hippogriff
  3651 | D:4      | Killed a hippogriff
  3651 | D:4      | Reached XP level 6. HP: 36/45 MP: 0/11
  3934 | D:4      | Found an iron altar of Okawaru.
  3997 | D:4      | Found a bloodstained altar of Trog.
  4000 | D:4      | Noticed a sky beast
  4001 | D:4      | Noticed a hippogriff
  4034 | D:4      | Killed a sky beast
  4034 | D:4      | Your scales start taking on a dull iron-grey colour.
  4034 | D:4      | Gained mutation: You can survive without breathing. [Grey Draconian growth]
  4034 | D:4      | Reached XP level 7. HP: 36/50 MP: 6/12
  4137 | D:4      | Killed a hippogriff
  4229 | D:4      | Gained mutation: You have a pair of small horns on your head. [mutagenic meat]
  4233 | D:4      | Gained mutation: Your muscles are strong. (Str +2) [mutagenic meat]
  4234 | D:4      | Gained mutation: Your mind is acute. (Int +2) [mutagenic meat]
  4357 | D:4      | Noticed an ogre
  4395 | D:4      | Killed an ogre
  4471 | D:4      | Reached skill level 5 in Fire Magic
  4573 | D:4      | Found a stormy altar of Qazlal.
  4964 | D:5      | Entered Level 5 of the Dungeon
  5032 | D:5      | Found a shattered altar of Ashenzari.
  5145 | D:5      | Reached XP level 8. HP: 49/57 MP: 9/14
  5468 | D:5      | Found a shadowy altar of Dithmenos.
  5633 | D:5      | Noticed puimuR's ghost (novice DsBe)
  5636 | D:5      | Reached skill level 5 in Dodging
  5636 | D:5      | Reached skill level 5 in Spellcasting
  5636 | D:5      | Reached skill level 5 in Conjurations
  5659 | D:5      | Gained mutation: You cannot be stealthy. [Ru sacrifice]
  6177 | D:5      | Reached skill level 6 in Fire Magic
  7016 | D:5      | Noticed Crazy Yiuf
  7024 | D:5      | Killed Crazy Yiuf
  7028 | D:5      | Got a warped mace
  7029 | D:5      | Identified the +1 mace of the Vaults {speed, Str+7} (You found it on level 5 of the Dungeon)
  7705 | D:6      | Reached XP level 9. HP: 62/62 MP: 6/17
  8124 | D:6      | Learned a level 4 spell: Sticky Flame
  8128 | D:6      | Found an ancient bone altar of Kikubaaqudgha.
  8359 | D:6      | Reached skill level 7 in Fire Magic
  9438 | D:7      | Gained mutation: You are missing an eye, making it more difficult to aim. [Ru sacrifice]
  9438 | D:7      | Reached * piety under Ru
  9626 | D:7      | Found a staircase to the Ecumenical Temple.
  9644 | Temple   | Entered the Ecumenical Temple
  9952 | D:7      | Found Wivoz's Distillery.
  9955 | D:7      | Bought a potion of berserk rage for 55 gold pieces
  9955 | D:7      | Bought a potion of heal wounds for 55 gold pieces
  9955 | D:7      | Bought a potion of curing for 33 gold pieces
  9955 | D:7      | Bought a potion of might for 44 gold pieces
  9955 | D:7      | Bought a potion of agility for 44 gold pieces
  9955 | D:7      | Bought a potion of lignification for 33 gold pieces
 10207 | D:8      | Noticed Maurice
 10265 | D:8      | Found an opulent altar of Gozag.
 10269 | D:8      | Reached XP level 10. HP: 69/69 MP: 3/20
 10366 | D:8      | Killed Maurice
 10458 | D:8      | Found a glowing golden altar of the Shining One.
 10459 | D:8      | Found a glowing silver altar of Zin.
 10459 | D:8      | Found a white marble altar of Elyvilon.
 10757 | D:8      | Found Goskaeg's Weapon Boutique.
 10861 | D:8      | Reached skill level 8 in Fire Magic
 11471 | D:9      | Gained mutation: You are somewhat unskilled (-1 Apt). [Ru sacrifice]
 11471 | D:9      | Reached ** piety under Ru
 11471 | D:9      | Reached *** piety under Ru
 11718 | D:9      | Noticed Pikel
 11728 | D:9      | Killed Pikel
 12081 | D:10     | Entered Level 10 of the Dungeon
 12226 | D:10     | Noticed a tengu warrior
 12302 | D:10     | Killed a tengu warrior
 12302 | D:10     | Reached skill level 8 in Fire Magic
 12551 | D:10     | Found a staircase to the Lair.
 12551 | D:10     | Noticed Maud
 12560 | D:10     | Mangled by Maud

Action                   |  1- 3 |  4- 6 |  7- 9 | 10-12 || total
-------------------------+-------+-------+-------+-------++-------
Melee: Unarmed           |    48 |    37 |    45 |       ||   130
       Mace              |       |       |    86 |    95 ||   181
 Cast: Flame Tongue      |    61 |    99 |   381 |   114 ||   655
       Conjure Flame     |       |     9 |    27 |    11 ||    47
       Sticky Flame      |       |       |     9 |    13 ||    22
Invok: Reject Sacrifices |       |     1 |       |       ||     1
       Sacrifice Stealth |       |       |     1 |       ||     1
       Sacrifice an Eye  |       |       |     1 |       ||     1
       Sacrifice Skill   |       |       |       |     1 ||     1
  Use: Scroll            |       |       |     5 |       ||     5
       Potion            |       |       |       |     2 ||     2
 Stab: Distracted        |       |       |       |     1 ||     1
  Eat: Chunk             |     4 |     8 |    24 |     9 ||    45
       Royal jelly       |       |       |     1 |       ||     1
       Beef jerky        |       |       |     1 |       ||     1
